 Dungeon Crawl Stone Soup version 0.25-a0-189-gf71692caf1 (webtiles) character file.

Game seed: 14693226145520555957, levelgen mode: deterministic

6 sankara the Chucker (level 1, 0/23 HPs)
             Began as an Ogre Hunter on Nov 29, 2019.
             Slain by a goblin (3 damage)
             ... on level 2 of the Dungeon.
             The game lasted 00:00:47 (44 turns).

sankara the Chucker (Ogre Hunter)                     Turns: 44, Time: 00:00:48

Health: 0/23       AC:  3    Str: 15    XL:     1   Next: 90%
Magic:  1/1        EV: 10    Int: 12    God:
Gold:   24         SH:  0    Dex:  9    Spells: 0/0 levels left

rFire    . . .     SeeInvis .   a - +0 short sword
rCold    . . .     Gourm    .   (no shield)
rNeg     . . .     Faith    .   b - +0 robe
rPois    .         Spirit   .   (helmet restricted)
rElec    .         Reflect  .   (no cloak)
rCorr    .         Harm     .   (gloves unavailable)
MR       .....                  (boots unavailable)
Stlth    +.........             (no amulet)
HPRegen  0.07/turn              (no ring)
MPRegen  0.07/turn              (no ring)

@: no status effects
A: large, unfitting armour, tough skin 1
a: no special abilities


You were on level 2 of the Dungeon.
You were not hungry.

You visited 1 branch of the dungeon, and saw 2 of its levels.

You collected 24 gold pieces.

Inventory:

Hand Weapons
 a - a +0 short sword (weapon)
Missiles
 c - 2 large rocks (quivered) {!d}
 d - 2 throwing nets {=f, !d}
Armour
 b - a +0 robe (worn)
Potions
 e - a potion of heal wounds {unknown}
Comestibles
 f - a ration


   Skills:
 + Level 3.0 Fighting
 + Level 4.1 Throwing
 + Level 2.0 Dodging
 - Level 0.6 Stealth


You couldn't memorise any spells.
You didn't know any spells.
Your spell library was empty.

Dungeon Overview and Level Annotations

Branches:
Dungeon (1/15)

Altars:


Innate Abilities, Weirdness & Mutations

You are too large for most types of armour.
You have tough skin. (AC +1)


Message History

Welcome, sankara the Ogre Hunter.
The bosom of this dungeon contains the fabled artefact, the Orb of Zot.
Press ? for a list of commands and other information.
Found the ogre corpse of sankara and 16 gold pieces.
Found a staircase leading out of the dungeon.
You now have 16 gold pieces.
You open the door.
There is an open door here.
e - a murky emerald potion You now have 24 gold pieces (gained 8).
A bat and a goblin come into view.
You fall into a shaft and drop 1 floor!
The shaft crumbles and collapses.
A goblin comes into view. It is wielding a +0 club.
The goblin shouts!
You hear a shout! x2
A worm and 3 goblins come into view.
Throwing (i - inventory. (/) - cycle)
c - 5 large rocks (quivered)
{!d}
Press: ? - help, Shift-Dir - straight line, f - worm
Aim: a worm You throw a large rock {!d}.
The goblin shouts!
The large rock {!d} hits the worm!
The worm is heavily wounded.
A goblin comes into view.
Throwing (i - inventory. (/) - cycle)
c - 4 large rocks (quivered)
{!d}
Press: ? - help, Shift-Dir - straight line, f/p - worm
Aim: a worm (moderately wounded)
You throw a large rock {!d}.
The large rock {!d} barely misses the worm.
A hobgoblin comes into view. It is wielding a +0 club.
The worm bites you but does no damage.
Throwing (i - inventory. (/) - cycle)
c - 3 large rocks (quivered)
{!d}
Press: ? - help, Shift-Dir - straight line, f/p - worm
Aim: a worm (moderately wounded)
You throw a large rock {!d}. The hobgoblin shouts!
The large rock {!d} hits the worm!
You kill the worm!
A goblin comes into view. It is wielding a +0 club.
The goblin shouts!
The goblin hits you with a +0 club.
Things that are here:
a large rock {!d}; a worm corpse You see here 2 large rocks {!d}.
You hit the goblin.
You kill the goblin!
The goblin misses you.
You hit the goblin but do no damage. The goblin hits you with a +0 club.
You barely miss the goblin.
The goblin hits you but does no damage. x2
The goblin closely misses you.
You miss the goblin. The goblin hits you but does no damage.
The goblin hits you with a +0 club.
The goblin hits you but does no damage. x2
You hit the goblin.
The goblin is severely wounded.
The goblin hits you but does no damage. The goblin closely misses you.
The goblin barely misses you.
You hit the goblin.
You kill the goblin!
The goblin hits you with a +0 club. The goblin hits you but does no damage.
The goblin closely misses you.
You are too injured to fight recklessly!
You are too injured to fight recklessly!
You are too injured to fight recklessly!
You are too injured to fight recklessly!
You are too injured to fight recklessly!
You are too injured to fight recklessly!
You hit the goblin.
You kill the goblin!
Your Fighting skill increases to level 3!
Your Dodging skill increases to level 2!
The goblin closely misses you. The goblin hits you but does no damage.
The goblin hits you but does no damage. The goblin barely misses you.
Things that are here:
a +0 dagger; a goblin corpse You barely miss the goblin.
The goblin hits you but does no damage. x2
The goblin hits you.
You closely miss the goblin. The hobgoblin misses you.
The goblin hits you with a +0 club. The goblin misses you. x2
You barely miss the goblin. The hobgoblin hits you with a +0 club!
* * * LOW HITPOINT WARNING * * *
The goblin hits you but does no damage. The goblin closely misses you.
The goblin hits you with a +0 club.
* * * LOW HITPOINT WARNING * * *
You hit the goblin but do no damage.
The hobgoblin hits you but does no damage.
The goblin closely misses you. The goblin hits you.
You die...

#..#
#..#######
#..8.8.8.8
#....!.?..
#.........
#.........
#.........
#ggg......
#g@8.8.8.8
##########


You could see a hobgoblin and 3 goblins.

Vanquished Creatures
  A worm (D:2)
  3 goblins (D:2)
4 creatures vanquished.

Notes
Turn   | Place    | Note
-------+----------+-------------------------------------------
     0 | D:1      | sankara the Ogre Hunter began the quest for the Orb.
     0 | D:1      | Reached XP level 1. HP: 22/22 MP: 1/1
    27 | D:1      | You fall into a shaft and drop 1 floor!
    39 | D:2      | Reached skill level 3 in Fighting
    39 | D:2      | Reached skill level 2 in Dodging
    43 | D:2      | HP: 3/23 [goblin/+0 club (3)]
    44 | D:2      | Slain by a goblin

Levels and vault maps discovered:
D:1:      nicolae_arrival_memento_mori, layout_basic, grunt_decor_arrowhead,
          st_stairs_5
D:2:      kennysheep_the_goblin_king, layout_loops_ring

Skill      XL: |  1 |
---------------+----+-----
Fighting       | 3 |  3.0
Dodging        | 2 |  2.0
Throwing       | |  4.1
Stealth        | |  0.6

Action                   || total
-------------------------++-------
Melee: Short sword       ||    11
Throw: Large rock        ||     3
Armor: Robe              ||     8
Dodge: Dodged            ||    12

Table legend:
 A = Non-vault XP
 B = Vault XP
 C = Vault XP percentage of total XP
 D = Non-vault monster count
 E = Vault monster count
 F = Vault count percentage of total count
                 A         B        C        D         E       F
            +---------+---------+-------+---------+---------+-------
      Total |       5 |       4 |  44.4 |       1 |       3 |  75.0
            +---------+---------+-------+---------+---------+-------
        D:2 |       5 |       4 |  44.4 |       1 |       3 |  75.0
            +---------+---------+-------+---------+---------+-------

Levels and vault maps discovered:
D:1:      nicolae_arrival_memento_mori, layout_basic, grunt_decor_arrowhead,
          st_stairs_5
D:2:      kennysheep_the_goblin_king, layout_loops_ring

Table legend:
 A = Turns spent in this place as a percentage of turns spent in the entire game.
 B = Non-inter-level travel turns spent in this place as a percentage of non-inter-level travel turns spent in the entire game.
 C = Inter-level travel turns spent in this place as a percentage of turns spent in this place.
 D = Turns resting spent in this place as a percentage of non-inter-level travel turns spent in this place.
 E = Turns spent auto-exploring this place as a percentage of non-inter-level travel turns spent in this place.
 F = Non-inter-level travel turns spent in this place divided by the number of levels of this place that you've seen.
                   A       B       C       D       E      F
               +-------+-------+-------+-------+-------+----------------------
         Total | 100.0 | 100.0 |   0.0 |   0.0 |  54.5 |  22.0
       Dungeon | 100.0 | 100.0 |   0.0 |   0.0 |  54.5 |  22.0
               +-------+-------+-------+-------+-------+----------------------

Table legend:
 A = Kills in this place as a percentage of kills in entire the game.
 B = Kills by you in this place as a percentage of kills by you in the entire game.
 C = Kills by friends in this place as a percentage of kills by friends in the entire game.
 D = Other kills in this place as a percentage of other kills in the entire game.
 E = Experience gained in this place as a percentage of experience gained in the entire game.
 F = Experience gained in this place divided by the number of levels of this place that you have seen.
                   A       B       C       D       E      F
               +-------+-------+-------+-------+-------+----------------------
         Total | 100.0 | 100.0 |   N/A |   N/A | 100.0 |   4.5
       Dungeon | 100.0 | 100.0 |   N/A |   N/A | 100.0 |   4.5
               +-------+-------+-------+-------+-------+----------------------
